 Dungeon Crawl Stone Soup version 0.30-a0-860-g512cf1e979 (webtiles) character file.

Game seed: 7142682080187374712

22 112233 the Sneak (level 2, -1/22 HPs)
             Began as a Naga Fire Elementalist on Mar 8, 2023.
             Slain by a gnoll
             ... wielding a +0 flail
              (7 damage)
             ... on level 1 of the Dungeon.
             The game lasted 00:01:48 (1626 turns).

112233 the Sneak (Naga Fire Elementalist)           Turns: 1626, Time: 00:01:48

Health: -1/22      AC:  1    Str:  9 (10) XL:     2   Next: 91%
Magic:  2/6        EV:  9    Int: 13 (15) God:
Gold:   72         SH:  0    Dex: 10 (11) Spells: 4/7 levels left

rFire   . . .      SeeInvis +    d - +0 club
rCold   . . .      Faith    .    (no shield)
rNeg    . . .      Spirit   .    a - +0 robe
rPois   +          Reflect  .    (no helmet)
rElec   .          Rampage  .    (no cloak)
rCorr   .                        (no gloves)
Will    .....                    (no barding)
Stlth   ++                       (no amulet)
HPRegen 0.23/turn                (no ring)
MPRegen 0.10/turn                (no ring)

@: brilliant, short of breath, attractive, very slow
A: AC +0, large, see invisible, deformed body, poison resistance, slowness 2,
spit poison 1, naga tail 1, deterioration 1
a: Spit Poison


You were on level 1 of the Dungeon.
You visited 1 branch of the dungeon, and saw 2 of its levels.

You collected 72 gold pieces.

Inventory:

Hand Weapons
 d - a +0 club (weapon)
Missiles
 h - 6 silver javelins (quivered)
Armour
 a - a +0 robe (worn)
Scrolls
 g - a scroll of summoning {unknown}
 i - a scroll of teleportation {unknown}
Potions
 b - a potion of magic
 f - a potion of curing {unknown}


   Skills:
 - Level 1.6 Dodging
 - Level 3.1 Stealth
 + Level 3.0 Spellcasting
 - Level 1.0 Conjurations
 - Level 3.0 Fire Magic


You had 4 spell levels left.
You knew the following spells:

 Your Spells              Type           Power      Damage    Failure   Level
a - Foxfire               Conj/Fire      40%        2x1d6     10%         1
b - Scorch                Fire           28%        2d6       10%         2

Your spell library contained the following spells:

 Spells                   Type           Power      Damage    Failure   Level
 Inner Flame              Hex/Fire       8%         N/A       36%         3
 Kindle Blastsparks       Fire/Tloc/Air  12%        2d11      41%         3
 Flame Wave               Conj/Fire      10%        2d6       69%         4


Dungeon Overview and Level Annotations

Branches:
Dungeon (2/15)

Altars:

Shops:
D:1 :


Innate Abilities, Weirdness & Mutations

Your serpentine skin is tough. (AC +0)
You have supernaturally acute eyesight. (SInv)
Armour fits poorly on your strangely shaped body.
Your system is resistant to poisons. (rPois)
You cover ground very slowly.
You can spit poison.
You have a snake-like lower body.
Your body sometimes deteriorates upon taking damage.


Message History

Confirm with . or Enter, or press ? or * to list all spells.
Flames lash the endoplasm.
The endoplasm is burned terribly!
You kill the endoplasm!
You hear an angry hiss.
A frilled lizard comes into view.
Unknown command.
Unknown command.
Casting: Scorch (safe; 10% risk of failure)
Confirm with . or Enter, or press ? or * to list all spells.
You conjure some foxfire!
The foxfire hits the goblin.
You kill the goblin!
Your Spellcasting skill increases to level 3!
A gnoll comes into view. It is wielding a +0 flail.
Casting: Foxfire (safe; 10% risk of failure)
Confirm with . or Enter, or press ? or * to list all spells.
You don't have enough magic to cast this spell.
Your foxfire dissipates!
There is a stone staircase leading up here.
The gnoll hits you with a +0 flail!
Ouch! That really hurt!
Your body deteriorates!
You feel dopey.
You climb upwards.
There is a stone staircase leading down here.
Unknown command.
Aiming: Spit Poison (2% risk of failure)
Press: ? - help, Shift-Dir - straight line, f - gnoll
Aim: a gnoll, wielding a +0 flail (65% to hit)
The splash of poison hits the gnoll.
The gnoll is poisoned.
The gnoll is heavily wounded.
The gnoll hits you with a +0 flail.
* * * LOW HITPOINT WARNING * * *
It was a potion of brilliance.
You feel clever all of a sudden. The gnoll completely misses you.
Unknown command.
Okay, then.
It was a potion of attraction.
You feel attractive to monsters. The gnoll hits you with a +0 flail!
You die... #P.PPPPPPP.P........ ##P.......P.P######## #.PPP.PPPPPPP....#

# #.....####.......#
# #.....####.......#
# #.....##.........#
# #...)..'...#+#####
#
#...g..#...#.########
####@................
####......#.########
#.........#.# #
#.........#.# #
#.........#'##### #
#####...............#
#
#...'.....###.......#
#
#.###...............#
# #.#
#...............# #


You could see a gnoll (poisoned).

Vanquished Creatures
  3 endoplasms
  3 hobgoblins (D:1)
  2 ball pythons (D:1)
  A frilled lizard (D:1)
  8 goblins
  3 rats (D:1)
20 creatures vanquished.

Vanquished Creatures (collateral kills)
  8 foxfires (D:1)
8 creatures vanquished.

Vanquished Creatures (others)
  61 foxfires (D:1)
61 creatures vanquished.

Grand Total: 89 creatures vanquished

Notes
Turn   | Place    | Note
-------+----------+-------------------------------------------
     0 | D:1      | 112233 the Naga Fire Elementalist began the quest for the
                  | Orb.
     0 | D:1      | Reached XP level 1. HP: 15/15 MP: 3/3
   333 | D:1      | Reached XP level 2. HP: 22/22 MP: 3/5
   342 | D:1      | Learned a level 2 spell: Scorch
   951 | D:1      | Found Aproux's Book Shop.
  1080 | D:1      | Gained mutation: Your body sometimes deteriorates upon
                  | taking damage. [potion of mutation]
  1626 | D:1      | Slain by a gnoll

Illustrated notes

Levels and vault maps discovered:
D:1:      beargit_arrival_greenhouse, layout_basic, serial_shops, shop,
          minmay_misc_feat_nine_boxes, hangedman_feature_mirror,
          minmay_hedge_maze
D:2:      layout_basic, ebering_ecumenical_altar_hall, corexii_leaking_fountain

Skill      XL: |  1  2 |
---------------+-------+-----
Spellcasting   | 3 |  3.0
Dodging        | |  1.6
Stealth        | |  3.1
Conjurations   | |  1.0
Fire Magic     | |  3.0

Action                     || total
---------------------------++-------
  Melee: Unarmed           ||     7
  Throw: Javelin           ||     1
   Cast: Foxfire           ||    42
         Scorch            ||     3
Ability: Spit Poison       ||     5
    Use: Potion            ||     4
 Armour: Robe              ||     1
  Dodge: Dodged            ||    15

Table legend: (Time is in decaauts)
 A = Elapsed time spent in this place.
 B = Non-inter-level travel time spent in this place.
 C = Inter-level travel time spent in this place.
 D = Time resting spent in this place.
 E = Time spent auto-exploring this place.
 F = Levels seen in this place.
 G = Mean time per level.
                   A        B        C        D        E       F      G
               +--------+--------+--------+--------+--------+-----+--------+
         Total |   1939 |   1907 |     32 |    384 |   1293 |   2 |  969.5 |
       Dungeon |   1939 |   1907 |     32 |    384 |   1293 |   2 |  969.5 |
               +--------+--------+--------+--------+--------+-----+--------+

Top non-repeatable levels by time:
     D:1: 1911 daAuts
     D:2: 28 daAuts
